 Dungeon Crawl Stone Soup version 0.30-a0-223-gcb0039aa0c (webtiles) character file.

Game seed: 3778130717269129768

46 qw the Chopper (level 3, -1/23 HPs)
             Began as a Gargoyle Fighter on Oct 9, 2022.
             Killed from afar by Sigmund (8 damage)
             ... with a magic dart
             ... on level 3 of the Dungeon.
             The game lasted 00:00:37 (1991 turns).

qw the Chopper (Gargoyle Fighter)                   Turns: 1991, Time: 00:00:38

Health: -1/23      AC: 13    Str: 21    XL:     3   Next: 68%
Magic:  3/3        EV:  9    Int:  8    God:
Gold:   109        SH:  4    Dex:  9    Spells: 2/2 levels left

rFire   . . .      SeeInvis .    Y - +0 war axe
rCold   . . .      Faith    .    c - +0 buckler
rNeg    + . .      Spirit   .    b - +0 scale mail
rPois   inf        Reflect  .    (no helmet)
rElec   +          Harm     .    (no cloak)
rCorr   .          Rampage  .    h - +2 pair of gloves
Will    .....                    (no boots)
Stlth   ..........               (no amulet)
HPRegen 0.23/turn                k - +4 ring of slaying {mikee}
MPRegen 0.08/turn                (no ring)

@: no status effects
A: sickness immunity, AC +3, negative energy resistance 1, electricity
resistance, torment resistance 1, petrification resistance
a: no special abilities


You were on level 3 of the Dungeon.
You visited 1 branch of the dungeon, and saw 3 of its levels.

You collected 109 gold pieces.


Innate Abilities, Weirdness & Mutations

You are immune to sickness and miasma.
Your stone body is resilient. (AC +3)
You are immune to poison.
You resist negative energy. (rN+)
You are resistant to electric shocks. (rElec)
You are resistant to unholy torment.
You are immune to petrification.


   Skills:
 - Level 3.2 Fighting
 + Level 3.5 Axes
 - Level 3.2 Armour
 - Level 3.2 Shields


You had 2 spell levels left.
You didn't know any spells.
Your spell library was empty.

Inventory:

Hand Weapons
 m - a +0 flail
 Y - a +0 war axe (weapon)
Armour
 b - a +0 scale mail (worn)
 c - a +0 buckler (worn)
 h - a +2 pair of gloves (worn)
Jewellery
 k - a +4 ring of slaying (left hand) {mikee}
Scrolls
 a - a scroll of enchant armour
 j - a scroll of identify
Potions
 d - a potion of might
 e - a potion of attraction
 f - a potion of cancellation
 i - a potion of lignification {unknown}
 l - a potion of degeneration {unknown}

Dungeon Overview and Level Annotations

Branches:
Dungeon (3/15)

Altars:

Shops:
D:1 (   D:3 [

Annotations:
D:3 Sigmund


Message History

You feel less confused.
The giant cockroach bites you but does no damage.
Something hits you but does no damage. The giant cockroach bites you.
You closely miss the giant cockroach.
The giant cockroach bites you but does no damage.
Something hits you.
You slash the giant cockroach!
You kill the giant cockroach!
Something completely misses you.
You swing at nothing.
You hear some strange, mumbled words.
You are confused.
You're too confused to attack without stumbling around!
There is a strange disturbance nearby!
Something hits you but does no damage.
You're too confused to attack without stumbling around!
There is a strange disturbance nearby!
You're too confused to attack without stumbling around!
There is a strange disturbance nearby!
Something hits you.
You're too confused to attack without stumbling around!
There is a strange disturbance nearby!
Something hits you.
You're too confused to attack without stumbling around!
There is a strange disturbance nearby!
You feel less confused.
You swing at nothing.
Something hits you but does no damage.
You swing at nothing.
Something hits you but does no damage.
You swing at nothing.
Something hits you but does no damage.
You swing at nothing.
Something completely misses you.
You swing at nothing.
Sigmund appears from thin air!
Reactivating autopickup.
Sigmund points at you and mumbles some strange words.
The magic dart hits you!
You die...

##...## ##...
... #... ....
#.. ...
########.##.#
............#
.....(.<@...#
#####...%####
#....@..#
##....#.#
#....# #
....\.#
#.##....# #
#....# #..#.#
#.....


You could see Sigmund.

Vanquished Creatures
  An adder (D:2)
  An endoplasm (D:2)
  2 giant cockroaches
  6 goblins
  4 hobgoblins
  6 kobolds
  A quokka (D:2)
  7 bats
  3 frilled lizards
  3 rats
34 creatures vanquished.

Notes
Turn   | Place    | Note
-------+----------+-------------------------------------------
     0 | D:1      | qw the Gargoyle Fighter began the quest for the Orb.
     0 | D:1      | Reached XP level 1. HP: 14/14 MP: 1/1
     0 | D:1      | 0 ||| qw: Version: 0.2-a-17-g06abaee
     0 | D:1      | 0 ||| qw: Game counter: 2254
     0 | D:1      | 0 ||| qw: Always use a shield: true
     0 | D:1      | 0 ||| qw: God list: Okawaru
     0 | D:1      | 0 ||| qw: Allow faded altars: false
     0 | D:1      | 0 ||| qw: Do Orc after D:15 true
     0 | D:1      | 0 ||| qw: Do second Lair branch before Depths: true
     0 | D:1      | 0 ||| qw: Lair rune preference: random
     0 | D:1      | 0 ||| qw: Plans: Normal, Zot:1-4, God:TSO, Crypt, Tomb,
                  | Pan, Slime:5, Hells, Abyss, Orb
     0 | D:1      | 0 ||| PLANNING D:1-11
    72 | D:1      | Found Exzup's Antique Weapon Emporium.
    81 | D:1      | 81 ||| SHOPLISTING whip (47 gold, have 13).
   237 | D:1      | Reached XP level 2. HP: 19/19 MP: 2/2
   628 | D:1      | 628 ||| Stepping ~*~*~tactically~*~*~ (stealth).
   840 | D:1      | Reached skill level 3 in Axes
   869 | D:1      | 869 ||| UPGRADING to +2 pair of gloves.
   874 | D:1      | 874 ||| READING 2 scrolls labelled NABURA LEVASI.
   875 | D:1      | 875 ||| READING scroll labelled JOUKIODEGI.
   939 | D:2      | Reached XP level 3. HP: 23/23 MP: 3/3
  1197 | D:2      | 1197 ||| Stepping ~*~*~tactically~*~*~ (hiding).
  1199 | D:2      | 1199 ||| Stepping ~*~*~tactically~*~*~ (hiding).
  1201 | D:2      | 1201 ||| Stepping ~*~*~tactically~*~*~ (hiding).
  1613 | D:2      | 1613 ||| DROPPING +0 whip.
  1866 | D:2      | Found a faded altar of an unknown god.
  1943 | D:2      | 1943 ||| UPGRADING to +4 ring of slaying {mikee}.
  1944 | D:2      | 1944 ||| READING 3 scrolls labelled JAIJEZ KUGE.
  1945 | D:2      | 1945 ||| DRINKING 2 dark potions.
  1946 | D:2      | 1946 ||| READING 2 scrolls of identify.
  1946 | D:2      | 1946 ||| IDENTIFYING fizzy golden potion
  1968 | D:3      | Noticed Sigmund
  1968 | D:3      | Found Poetann's Antique Armour Shoppe.
  1969 | D:3      | 1969 ||| Stepping ~*~*~tactically~*~*~ (hiding).
  1985 | D:3      | HP: 5/23 [something (5)]
  1991 | D:3      | Killed from afar by Sigmund

Levels and vault maps discovered:
D:1:      matt_arrival_spirals, layout_loops_ring, serial_shops,
          nicolae_square_shop
D:2:      layout_basic, hellmonk_ecumenical_altar_run_dry,
          minmay_misc_feat_pillars, kennysheep_generic_room_13
D:3:      layout_loops_ring, mainiacjoe_overflow_big_doors, serial_shops, shop,
          uniq_sigmund

Skill      XL: |  1  2 |
---------------+-------+-----
Axes           | 2 3 |  3.5
Fighting       | |  3.2
Armour         | |  3.2
Shields        | |  3.2

Action                   || total
-------------------------++-------
Melee: War axe           ||   113
  Use: Scroll            ||     4
       Potion            ||     1
Armor: Scale mail        ||    61
Dodge: Dodged            ||    53
Block: Buckler           ||    24

Table legend:
 A = Non-vault XP
 B = Vault XP
 C = Vault XP percentage of total XP
 D = Non-vault monster count
 E = Vault monster count
 F = Vault count percentage of total count
                 A         B        C        D         E       F
            +---------+---------+-------+---------+---------+-------
      Total |      65 |       2 |   3.0 |      33 |       1 |   2.9
            +---------+---------+-------+---------+---------+-------
        D:1 |      31 |       0 |   0.0 |      19 |       0 |   0.0
        D:2 |      32 |       2 |   5.9 |      13 |       1 |   7.1
        D:3 |       2 |       0 |   0.0 |       1 |       0 |   0.0
            +---------+---------+-------+---------+---------+-------
